 Dungeon Crawl Stone Soup version 0.24.0-37-gcf1ca852f1 (webtiles) character file.

Game seed: 14838743977782284425, levelgen mode: deterministic

872 Mrkan the Ruffian (level 7, -6/71 HPs)
             Began as a Troll Monk on Nov 26, 2019.
             Was a Believer of Makhleb.
             Mangled by an orc warrior
             ... wielding a +0 flail of protection
              (9 damage)
             ... on level 5 of the Dungeon.
             The game lasted 00:08:15 (4243 turns).

Mrkan the Ruffian (Troll Monk)                      Turns: 4243, Time: 00:08:15

Health: -6/71      AC:  6    Str: 20    XL:     7   Next: 74%
Magic:  6/6        EV: 10    Int:  8    God:    Makhleb [**....]
Gold:   235        SH:  0    Dex: 12    Spells: 6/6 levels left

rFire    . . .     SeeInvis .     - Unarmed
rCold    . . .     Gourm    +   (no shield)
rNeg     . . .     Faith    .   a - +0 robe
rPois    .         Spirit   .   (helmet restricted)
rElec    .         Reflect  .   (no cloak)
rCorr    .         Harm     .   (gloves unavailable)
MR       .....                  (boots unavailable)
Stlth    ++........             (no amulet)
HPRegen  0.61/turn              (no ring)
MPRegen  0.10/turn              (no ring)

@: no status effects
A: large, unfitting armour, claws 3, fast metabolism 3, gourmand, regeneration
1, shaggy fur 1, tough skin 3
a: Minor Destruction, Renounce Religion


You were on level 5 of the Dungeon.
You worshipped Makhleb.
Makhleb was pleased with you.
You were not hungry.

You visited 2 branches of the dungeon, and saw 7 of its levels.

You collected 235 gold pieces.

Inventory:

Missiles
 m - a throwing net (quivered)
Armour
 a - a +0 robe (worn)
Jewellery
 p - an uncursed ring of fire {unknown}
 w - an uncursed ring of magical power {unknown}
Wands
 r - a wand of iceblast (5)
Scrolls
 c - 2 scrolls of remove curse {unknown}
 f - 2 scrolls of teleportation {unknown}
 g - a scroll of noise {unknown}
 h - 7 scrolls of identify {unknown}
 i - 3 scrolls of enchant weapon {unknown}
 j - a scroll of magic mapping {unknown}
 k - a scroll of fear {unknown}
 n - a scroll of enchant armour {unknown}
 q - a scroll of fog {unknown}
Potions
 d - a potion of degeneration {unknown}
 e - a potion of agility {unknown}
 l - a potion of berserk rage
 o - a potion of invisibility {unknown}
 s - 2 potions of might {unknown}
 t - a potion of mutation {unknown}
 u - a potion of flight {unknown}
 v - a potion of lignification {unknown}
 x - a potion of heal wounds {unknown}
Comestibles
 b - 9 rations


   Skills:
 + Level 4.8 Fighting
 - Level 2.4 Dodging
 - Level 1.0 Stealth
 * Level 7.8 Unarmed Combat


You had 6 spell levels left.
You didn't know any spells.
Your spell library was empty.

Dungeon Overview and Level Annotations

Branches:
Dungeon (6/15)             Temple (1/1) D:5

Altars:
Ashenzari
Cheibriados
Dithmenos
Elyvilon
Fedhas
Gozag
Hepliaklqana
Kikubaaqudgha
Makhleb
Nemelex Xobeh
Okawaru
Qazlal
Ru
Sif Muna
Trog
Uskayaw
Vehumet
Wu Jian
Xom
Yredelemnul
Zin
The Shining One


Innate Abilities, Weirdness & Mutations

You are too large for most types of armour.
You have claws for hands.
Your metabolism is lightning-fast.
You like to eat raw meat.
Your natural rate of healing is unusually fast.
You are covered in fur. (AC +1)
You have extremely tough skin. (AC +3)


Message History

The orc warrior hits you with a +0 flail of protection!
You scratch the orc warrior but do no damage.
The orc warrior is severely wounded.
The orc wizard hits you but does no damage.
You scratch the orc warrior.
The orc warrior is almost dead.
The orc warrior hits you with a +0 flail of protection!!
* * * LOW HITPOINT WARNING * * *
The orc wizard hits you but does no damage.
You closely miss the orc warrior.
The orc warrior is almost dead.
The orc warrior hits you with a +0 flail of protection!
* * * LOW HITPOINT WARNING * * *
You closely miss the orc warrior.
The orc warrior is almost dead.
The orc wizard hits you but does no damage.
You scratch the orc warrior.
The orc warrior is almost dead.
The orc warrior hits you with a +0 flail of protection!
You die...

#.# #.#.##. #.# #.#.##.
########.###.#.##.
#.................
#.######.###.####. ####.##
#........... #.....#
#...........
#.....####...........
#...@.'..............
#...oo#..#...........
#.....##.#...........
#.....##.............
#.....###......(.....
############.....###............
#....................#####(#####
#.#################..## #(# #.#
#...# #(#


You could see an orc warrior and an orc wizard.

Vanquished Creatures
  A hippogriff (D:4)
  A sky beast (D:5)
  A centaur (D:5)
  A scorpion (D:5)
  3 orc priests (D:4)
  A hound (D:4)
  A bullfrog skeleton (D:4)
  A centaur skeleton (D:5)
  An iguana (D:5)
  An orc wizard (D:4)
  A hound skeleton (D:4)
  Robin (D:3)
  4 gnolls (D:5)
  6 adders
  A worm (D:3)
  A dart slug (D:1)
  6 leopard geckos
  10 orcs
  15 bats
  4 giant cockroaches
  18 goblins
  5 hobgoblins
  7 jackals
  10 kobolds
  A quokka (D:3)
  A ball python (D:2)
  5 frilled lizards
  6 rats
114 creatures vanquished.

Notes
Turn   | Place    | Note
-------+----------+-------------------------------------------
     0 | D:1      | Mrkan the Troll Monk began the quest for the Orb.
     0 | D:1      | Reached XP level 1. HP: 22/22 MP: 0/0
   168 | D:1      | Reached XP level 2. HP: 28/29 MP: 1/1
   789 | D:1      | Reached XP level 3. HP: 36/36 MP: 2/2
   981 | D:2      | Reached skill level 4 in Unarmed Combat
  1137 | D:2      | Reached XP level 4. HP: 42/45 MP: 3/3
  1319 | D:2      | Found a shimmering blue altar of Sif Muna.
  1616 | D:3      | Noticed Robin
  1622 | D:3      | Killed Robin
  1994 | D:3      | Found a snail-covered altar of Cheibriados.
  2115 | D:4      | Reached skill level 5 in Unarmed Combat
  2125 | D:4      | Reached XP level 5. HP: 33/53 MP: 4/4
  2286 | D:4      | Noticed a hippogriff
  2294 | D:4      | Killed a hippogriff
  2294 | D:4      | Reached skill level 6 in Unarmed Combat
  2294 | D:4      | Reached XP level 6. HP: 45/62 MP: 5/5
  2833 | D:4      | Reached XP level 7. HP: 70/70 MP: 6/6
  3160 | D:5      | Entered Level 5 of the Dungeon
  3266 | D:5      | Found a staircase to the Ecumenical Temple.
  3280 | D:5      | Reached skill level 7 in Unarmed Combat
  3298 | Temple   | Entered the Ecumenical Temple
  3409 | Temple   | Became a worshipper of Makhleb the Destroyer
  3409 | Temple   | Reached * piety under Makhleb
  3409 | Temple   | Reached ** piety under Makhleb
  4241 | D:5      | HP: 2/71 [orc warrior/+0 flail of protection (13)]
  4243 | D:5      | Mangled by an orc warrior

Levels and vault maps discovered:
D:1:      lightli_arrival_flooded_house, layout_basic
D:2:      layout_rooms, led_sif_pool
D:3:      layout_basic, cheibriados_altar_1, first_ration, uniq_robin
D:4:      layout_layer_cave
D:5:      layout_basic, minmay_temple_entry_arrows
D:6:      minmay_goblin_kobold_castle, layout_cave_pools
Temple:   dpeg_three_leaves_temple

Skill      XL: |  1  2  3  4  5  6  7 |
---------------+----------------------+-----
Unarmed Combat | 4 5 6 7 |  7.8
Fighting       | 3 4 |  4.8
Dodging        | |  2.4
Stealth        | |  1.0

Action                   |  1- 3 |  4- 6 |  7- 9 || total
-------------------------+-------+-------+-------++-------
Melee: Unarmed           |    92 |   165 |    61 ||   318
       Punch             |       |     6 |     2 ||     8
  Use: Potion            |       |     1 |       ||     1
 Stab: Sleeping          |     3 |     3 |     2 ||     8
  Eat: Chunk             |    12 |    20 |     7 ||    39
Armor: Robe              |    68 |    63 |    16 ||   147
Dodge: Dodged            |    75 |    72 |    21 ||   168
